 Dungeon Sprint DCSS version 0.30-a0-465-g8901f6c8b5 (webtiles) character file.

Game seed: 17435009946777007048

170293 holysushi the Intangible (level 17, -11/156 HPs)
             Began as an Octopode Fire Elementalist on Dec 18, 2022.
             Was the Champion of Sif Muna.
             Killed from afar by an orb of fire (79 damage)
             ... with a bolt of fire
             ... in the Dungeon (Sprint V: "Ziggurat Sprint").
             The game lasted 00:29:40 (3116 turns).

holysushi the Intangible (OpFE)                     Turns: 3116, Time: 00:29:40

Health: -11/156    AC:  3    Str:  8    XL:     17   Next: 99%
Magic:  38/47      EV: 50    Int: 50    God:    Sif Muna [******]
Gold:   0          SH:  0    Dex: 35    Spells: 32/56 levels left

rFire   . . .      SeeInvis .    A - +6 Majin-Bo {vamp, MP+6 Int+6}
rCold   . . .      Faith    .    (shield currently unavailable)
rNeg    . . .      Spirit   .    Y - +2 hat {Stlth+}
rPois   .          Reflect  .    q - amulet of Vitality {RegenMP++ Regen++}
rElec   .          Harm     .    t - +6 ring of dexterity
rCorr   +          Rampage  .    u - +6 ring of dexterity
Will    +++..      NoTele   +    v - +6 ring of intelligence
Stlth   ++++++....               w - +6 ring of intelligence
HPRegen 2.06/turn                U - +6 ring of intelligence
MPRegen 1.10/turn                K - ring "Zics" {Wiz Will+}
                                 S - +6 ring of intelligence
                                 G - ring "Unop" {Will+ rCorr Dex+6}

@: death channelling, animating dead, studying 5 skills
A: almost no armour, amphibious, 8 rings, camouflage 1, gelatinous body 1,
(nimble swimmer 1), tentacles
a: Renounce Religion, Channel Magic, Forget Spell, Divine Exegesis


You were in the Dungeon.
You worshipped Sif Muna.
Sif Muna was exalted by your worship.
You visited 1 branch

Inventory:

Hand Weapons
 j - the +7 trident "Waudecvudd" {vorpal, Contam rElec rCorr Int+3}
   (You found it in the Dungeon)

   It inflicts extra damage upon your enemies.
   Int:       It affects your intelligence (+3).
   rElec:     It insulates you from electricity.
   Contam:    It causes magical contamination when unequipped.
   rCorr:     It protects you from acid and corrosion.
 A - the +6 Majin-Bo (weapon) {vamp, MP+6 Int+6}
   (You found it in the Dungeon)

   It heals its wielder for a portion of the damage dealt when they wound a
   living foe with it or with a spell.
   Its wielder's spells cost health as well as magical power.
   Int:       It affects your intelligence (+6).
   MP:        It affects your magic capacity (+6).
 C - the +7 Singing Sword {vorpal, sonic wave}
   (You found it in the Dungeon)

   It inflicts extra damage upon your enemies.
   It radiates damaging sonic waves as it strikes, especially in combat
   involving dangerous or numerous foes.
 D - the +8 lance "Wyrmbane" {slay drac, rPois rF+ rC+ AC+3}
   (You found it in the Dungeon)

   It inflicts extra damage against dragons and draconians.
   AC:        It affects your AC (+3).
   rF:        It protects you from fire.
   rC:        It protects you from cold.
   rPois:     It protects you from poison.
 F - the +9 mace "Tuempe" {flame, Dex+4}
   (You found it in the Dungeon)

   It burns those it strikes, dealing additional fire damage.
   Dex:       It affects your dexterity (+4).
Armour
 B - the +18 shield of the Gong {rElec rN+ Will+ EV-5}
   (You found it in the Dungeon)

   It is deafeningly noisy when blocking attacks.
   EV:        It affects your evasion (-5).
   rElec:     It insulates you from electricity.
   rN:        It protects you from negative energy.
   Will:      It increases your willpower.
 Y - a +2 hat of stealth (worn)
Magical Staves
 O - a staff of fire
Jewellery
 q - the amulet of Vitality (around mantle) {RegenMP++ Regen++}
   (You found it in the Dungeon)

   [amulet of magic regeneration]

   It increases your rate of magic regeneration.
   Regen:     It increases your rate of health regeneration.
 s - a ring of fire
 t - a +6 ring of dexterity (left tentacle)
 u - a +6 ring of dexterity (right tentacle)
 v - a +6 ring of intelligence (on tentacle)
 w - a +6 ring of intelligence (on tentacle)
 y - the ring "Yheklo Xakk" {Fire rPois Int+3}
   (You found it in the Dungeon)

   [ring of fire]

   It enhances your fire magic.
   Int:       It affects your intelligence (+3).
   rF:        It protects you from fire.
   rC:        It makes you vulnerable to cold.
   rPois:     It protects you from poison.
 G - the ring "Unop" (on tentacle) {Will+ rCorr Dex+6}
   (You found it in the Dungeon)

   [ring of dexterity]

   Dex:       It affects your dexterity (+6).
   rCorr:     It protects you from acid and corrosion.
   Will:      It increases your willpower.
 H - a ring of magical power
 I - the amulet of the Four Winds {rN+ Will+++ Clar}
   (You found it in the Dungeon)

   [amulet of nothing]

   rN:        It protects you from negative energy.
   Clar:      It protects you against confusion.
   Will:      It greatly increases your willpower.
 J - a ring of wizardry
 K - the ring "Zics" (on tentacle) {Wiz Will+}
   (You found it in the Dungeon)

   [ring of wizardry]

   It improves your spell success rate.
   Will:      It increases your willpower.
 L - the amulet of Xom's Whimsicality {Spirit rElec rN+++ Dex+5}
   (You found it in the Dungeon)

   [amulet of guardian spirit]

   It causes incoming damage to be divided between your reserves of health and
   magic.
   Dex:       It affects your dexterity (+5).
   rElec:     It insulates you from electricity.
   rN:        It renders you almost immune to negative energy.
 P - a ring of willpower
 Q - the amulet "Raxeun" {Reflect Str+6 Int-5 Dex+2 SH+5}
   (You found it in the Dungeon)

   [amulet of reflection]

   It reflects blocked missile attacks.
   Str:       It affects your strength (+6).
   Int:       It affects your intelligence (-5).
   Dex:       It affects your dexterity (+2).
   SH:        It affects your SH (+5).
 S - a +6 ring of intelligence (on tentacle)
 T - a ring of magical power
 U - a +6 ring of intelligence (on tentacle)
 V - a ring of fire
 W - an amulet of regeneration
 Z - a ring of magical power
Wands
 p - a wand of mindburst (7)
Scrolls
 f - a scroll of blinking
 l - 4 scrolls of amnesia
 m - 7 scrolls of fog
 n - 2 scrolls of identify
 o - 2 scrolls of fear
 x - 4 scrolls of enchant weapon
 R - 4 scrolls of brand weapon
Potions
 a - 8 potions of magic
 b - 9 potions of curing
 c - 16 potions of heal wounds
 d - 10 potions of haste
 e - 3 potions of berserk rage
 g - 2 potions of brilliance
 h - 2 potions of invisibility
 i - 4 potions of resistance
 k - 6 potions of might
Miscellaneous
 r - a phial of floods
 z - a lightning rod (4/4)
 E - a box of beasts
 M - a phantom mirror
 N - a tin of tremorstones (2/2)
 X - a condenser vane


   Skills:
 O Level 27 Fighting
 O Level 27 Dodging
 - Level 6.2 Stealth
 - Level 5.0 Shields
 + Level 20.3 Spellcasting
 - Level 1.4 Conjurations
 - Level 15.0 Necromancy
 - Level 18.0 Fire Magic
 O Level 27 Invocations
 - Level 19.2 Evocations


You had 32 spell levels left.
You knew the following spells:

 Your Spells              Type           Power      Damage    Failure   Level
a - Ignition              Fire           62%        3d17      1%          8
b - Animate Dead          Necr           100%       N/A       0%          4
c - Death Channel         Necr           58%        N/A       1%          6
d - Foxfire               Conj/Fire      100%       2x1d9     0%          1
e - Irradiate             Conj/Tmut      27%        3d20      2%          5

Your spell library contained the following spells:

 Spells                   Type           Power      Damage    Failure   Level
 Kiss of Death            Conj/Necr      100%       2d13      0%          1
 Necrotise                Necr           100%       1d9       0%          1
 Scorch                   Fire           100%       2d10      0%          2
 Sublimation of Blood     Necr           100%       N/A       0%          2
 Inner Flame              Hex/Fire       96%        N/A       0%          3
 Vampiric Draining        Necr           100%       2d13      0%          3
 Dispel Undead            Necr           100%       3d31      0%          4
 Agony                    Necr           100%       N/A       0%          5
 Apportation              Tloc           100%       N/A       1%          1
 Beastly Appendage        Tmut           100%       N/A       1%          1
 Freeze                   Ice            100%       1d10      1%          1
 Magic Dart               Conj           100%       1d8       1%          1
 Sandblast                Erth           100%       2d20      1%          1
 Shock                    Conj/Air       100%       1d9       1%          1
 Slow                     Hex            100%       N/A       1%          1
 Sting                    Tmut/Pois      100%       1d8       1%          1
 Summon Small Mammal      Summ           100%       N/A       1%          1
 Blink                    Tloc           100%       N/A       1%          2
 Call Imp                 Summ           50%        N/A       1%          2
 Cigotuvi's Dreadful Rot  Necr/Pois/Air  100%       N/A       1%          2
 Ensorcelled Hibernation  Hex/Ice        100%       N/A       1%          2
 Momentum Strike          Conj/Tloc      100%       3d10      1%          2
 Passwall                 Tmut/Erth      41%        N/A       1%          2
 Poisonous Vapours        Pois/Air       100%       N/A       1%          2
 Searing Ray              Conj           100%       2d8       1%          2
 Static Discharge         Conj/Air       100%       2-7/arc   1%          2
 Wereblood                Tmut           50%        N/A       1%          2
 Call Canine Familiar     Summ           50%        N/A       1%          3
 Confusing Touch          Hex            50%        N/A       1%          3
 Dazzling Flash           Conj/Hex       100%       N/A       1%          3
 Frozen Ramparts          Ice            100%       1d16      1%          3
 Gell's Gravitas          Tloc           50%        N/A       1%          3
 Hailstorm                Conj/Ice       55%        3d12      1%          3
 Ignite Poison            Fire/Tmut/Pois 84%        N/A       1%          3
 Kindle Blastsparks       Fire/Tloc/Air  100%       2d18      1%          3
 Lesser Beckoning         Tloc           100%       N/A       1%          3
 Mephitic Cloud           Conj/Pois/Air  53%        N/A       1%          3
 Ozocubu's Armour         Ice            50%        N/A       1%          3
 Portal Projectile        Hex/Tloc       100%       N/A       1%          3
 Spider Form              Tmut/Pois      50%        N/A       1%          3
 Stone Arrow              Conj/Erth      100%       3d13      1%          3
 Summon Guardian Golem    Hex/Summ       50%        N/A       1%          3
 Swiftness                Air            50%        N/A       1%          3
 Teleport Other           Tloc           50%        N/A       1%          3
 Tukima's Dance           Hex            50%        N/A       1%          3
 Vhi's Electric Charge    Tloc/Air       100%       N/A       1%          3
 Airstrike                Air            25%        2d(4-20)  1%          4
 Anguish                  Hex/Necr       45%        N/A       1%          4
 Cause Fear               Hex            25%        N/A       1%          4
 Flame Wave               Conj/Fire      99%        2d21      1%          4
 Fulminant Prism          Conj/Hex       27%        3d13      1%          4
 Ice Form                 Ice/Tmut       50%        N/A       1%          4
 Iskenderun's Mystic Bla  Conj/Tloc      55%        2d12      1%          4
 Leda's Liquefaction      Hex/Erth       25%        N/A       1%          4
 Manifold Assault         Tloc           50%        N/A       1%          4
 Olgreb's Toxic Radiance  Pois           50%        N/A       1%          4
 Passage of Golubria      Tloc           50%        N/A       1%          4
 Petrify                  Tmut/Erth      50%        N/A       1%          4
 Sticky Flame             Conj/Fire      99%        2d11      1%          4
 Summon Ice Beast         Ice/Summ       50%        N/A       1%          4
 Summon Lightning Spire   Summ/Air       50%        N/A       1%          4
 Borgnjor's Vile Clutch   Necr/Erth      45%        N/A       1%          5
 Fireball                 Conj/Fire      49%        3d19      1%          5
 Iskenderun's Battlesphe  Conj           60%        2d11      1%          5
 Simulacrum               Ice/Necr       45%        N/A       1%          6
 Starburst                Conj/Fire      49%        6d14      1%          6
 Borgnjor's Revivificati  Necr           58%        N/A       1%          8
 Infestation              Necr           58%        N/A       1%          8
 Arcjolt                  Conj/Air       27%        1d37      2%          5
 Freezing Cloud           Conj/Ice/Air   26%        6-21      2%          5
 Lightning Bolt           Conj/Air       27%        1d44      2%          5
 Alistair's Intoxication  Tmut/Pois      33%        N/A       3%          5
 Blade Hands              Tmut           25%        N/A       3%          5
 Lee's Rapid Deconstruct  Erth           25%        3d14*     3%          5
 Metabolic Englaciation   Hex/Ice        25%        N/A       3%          5
 Silence                  Hex/Air        25%        N/A       3%          5
 Summon Forest            Summ/Tloc      25%        N/A       3%          5
 Summon Mana Viper        Hex/Summ       50%        N/A       3%          5
 Yara's Violent Unravell  Hex/Tmut       25%        3d11      3%          5
 Haunt                    Necr/Summ      45%        N/A       4%          7
 Conjure Ball Lightning   Conj/Air       27%        3x3d9     14%         6
 Iron Shot                Conj/Erth      27%        9d6       14%         6
 Dispersal                Tloc           25%        N/A       19%         6
 Eringya's Noxious Bog    Tmut/Pois      25%        N/A       19%         6
 Statue Form              Tmut/Erth      33%        N/A       19%         6
 Death's Door             Necr           58%        N/A       26%         9
 Necromutation            Tmut/Necr      45%        N/A       34%         8
 Orb of Destruction       Conj           30%        9d10      47%         7
 Spellforged Servitor     Conj/Summ      27%        N/A       58%         7
 Enfeeble                 Hex            25%        N/A       69%         7
 Malign Gateway           Summ/Tloc      25%        N/A       69%         7
 Monstrous Menagerie      Summ           25%        N/A       69%         7
 Ozocubu's Refrigeration  Ice            25%        4d13      69%         7
 Storm Form               Tmut/Air       25%        N/A       69%         7
 Summon Hydra             Summ           25%        N/A       69%         7
 Fire Storm               Conj/Fire      49%        8d13      90%         9
 Lehudib's Crystal Spear  Conj/Erth      27%        10d7      99%         8
 Discord                  Hex            25%        N/A       100%        8
 Disjunction              Tloc           25%        N/A       100%        8
 Maxwell's Capacitive Co  Air            25%        ∞         100%        8
 Summon Horrible Things   Summ           25%        N/A       100%        8
 Chain Lightning          Conj/Air       27%        3d36      100%        9
 Dragon's Call            Summ           25%        N/A       100%        9
 Polar Vortex             Ice            25%        N/A       100%        9
 Shatter                  Erth           25%        3d21*     100%        9
 Animate Armour           Summ/Erth      Unusable   N/A       N/A         4

Dungeon Overview and Level Annotations

Branches:
Dungeon (1/1) Zot: 27000

Altars:
Ashenzari
Cheibriados
Dithmenos
Elyvilon
Fedhas
Gozag
Hepliaklqana
Kikubaaqudgha
Makhleb
Nemelex Xobeh
Okawaru
Qazlal
Ru
Sif Muna
Trog
Uskayaw
Vehumet
Wu Jian
Xom
Yredelemnul
Zin
The Shining One
Jiyva
Lugonu


Innate Abilities, Weirdness & Mutations

You cannot wear most types of armour.
You are amphibious.
You can wear up to eight rings at the same time.
Your skin changes colour to match your surroundings (Stealth+).
Your rubbery body absorbs attacks. (AC +1, EV +1)
((You are camouflaged when in or above water. (Stealth+)))
You have tentacles for arms and can constrict up to eight enemies at once.


Message History

Orders for allies: a - Attack new target. p - Attack previous target. r - Retreat! s - Stop attacking. g - Guard the area. f - Follow me.
Anything else - Cancel.
Gang up on whom?
Press: ? - help, Dir - move target, f - orb of fire, p - elder oxweird beast
Aim: an orb of fire (moderately damaged, ally target) Attack!
Something hits your draconian annihilator zombie!!!
Your spectral Orb Guardian hits the orb of fire but does no damage.
Something barely misses your black draconian zombie.
The Orb Guardian hits your spectral Orb Guardian!!
A white draconian stormcaller comes into view.
It is wielding the +3 trident of the Extremes {holy, rC+ Dex+5}.
Something hits your spectral draconian annihilator!
Your Orb Guardian zombie hits the orb of fire!!!
A yellow draconian comes into view. It is wielding a +0 short sword.
The black draconian hits your Orb Guardian zombie with a +0 long sword.
Your spectral Orb Guardian hits the Orb Guardian!
Your Orb Guardian zombie hits the orb of fire!!
Something hits your draconian annihilator zombie!!
Your Killer Klown zombie hits the orb of fire!!
Something completely misses your spectral draconian annihilator.
Your black draconian zombie misses the orb of fire.
Your spectral Orb Guardian closely misses the orb of fire.
Your elder oxweird beast is engulfed in blazing flames.
Your spectral black draconian misses the orb of fire.
Your spectral golden dragon bites the orb of fire.
Your spectral golden dragon claws the orb of fire but does no damage.
Your spectral golden dragon misses the orb of fire.
Your spectral green draconian misses the orb of fire.
Your spectral green draconian completely misses the orb of fire.
Your spectral draconian stormcaller hits the white draconian stormcaller but does no damage.
Found a +0 ring mail of poison resistance.
Something closely misses your spectral Orb Guardian.
The orb of fire glows yellow.
The bolt of fire hits your Killer Klown zombie!!!!
The bolt of fire hits your elder oxweird beast!!!
The bolt of fire hits you!!!!
Ouch! That really hurt!
You die... .......▓ XdZZZZZZZZqZ)Z) [}))|).▓ [)ZZZZZZZZZZZZZd }==::".▓ .Z.ZZZ*ZZZZZZZ.. )=[|:|.▓ .Z.ZZZZZZZZZZ.Z.

.......▓
.Z.ZZZ.ZZ..Z.Z..
.......▓
......H.HHZZ....
.......▓
......H○........
.......▓
........:.......
ZZ.....▓
.......@........
.Z.....▓
................
.......▓
................
.......▓
................
..▓....▓
...▓.........▓..
.▓.▓...▓ ..
▓▓.......▓▓ .
Z.▓....▓
...▓.........▓..
.......▓
...............
.......▓
...............


You could see an orb of fire (ally target), 4 friendly mutant beasts, a friendly
spectral shadow dragon, a friendly spectral golden dragon, a friendly spectral
ghost moth, 2 friendly spectral moths of wrath, 7 friendly spectral Orb
Guardians, a friendly spectral Killer Klown, 2 friendly spectral black
draconians, 4 friendly spectral green draconians, 2 friendly spectral purple
draconians, a friendly spectral red draconian, a friendly spectral white
draconian, a friendly spectral draconian stormcaller, a friendly spectral
draconian annihilator, a friendly shadow dragon zombie, a friendly golden dragon
zombie, a friendly ghost moth zombie, 8 friendly Orb Guardian zombies, a
friendly Killer Klown zombie, a friendly black draconian zombie, 3 friendly
green draconian zombies, 2 friendly purple draconian zombies, a friendly red
draconian zombie, a friendly white draconian zombie and a friendly draconian
annihilator zombie.

Vanquished Creatures
  A Killer Klown (D)
  2 electric golems (D)
  24 Orb Guardians (D)
  5 titans (D)
  An acid blob (D)
  A death cob (D)
  Gastronok (D)
  A shadow dragon (D)
  3 storm dragons (D)
  A nagaraja (D)
  A draconian monk (D)
  A ghost moth (D)
  A draconian stormcaller (D)
  2 draconian annihilators (D)
  4 orc warlords (D)
  3 vampire knights (D)
  4 stone giants (D)
  6 purple draconians (D)
  4 green draconians (D)
  5 white draconians (D)
  4 black draconians (D)
  2 yellow draconians (D)
  A spark wasp (D)
  An entropy weaver (D)
  2 spriggan air magi (D)
  A hydra (D)
  A catoblepas (D)
  2 radroaches (D)
  An anaconda (D)
  3 naga warriors (D)
  A boulder beetle (D)
  3 orc high priests (D)
  2 spriggan berserkers (D)
  Sonja (D)
  Nergalle (D)
  2 soul eaters (D)
  A pharaoh ant (D)
  Pikel (D)
  6 orc knights (D)
  A cyclops (D)
  A deep elf pyromancer (D)
  2 wolf spiders (D)
  4 orc sorcerers (D)
  2 shining eyes (D)
  4 draconians (D)
  13 moths of wrath (D)
  2 guardian serpents (D)
  2 eyes of devastation (D)
  A black mamba (D)
  A cane toad (D)
  3 elephants (D)
  4 naga magi (D)
  A torpor snail (D)
  4 komodo dragons (D)
  2 demonic crawlers (D)
  3 merfolk (D)
  3 polar bears (D)
  3 hornets (D)
  Prince Ribbit (D)
  3 tarantellas (D)
  12 slime creatures (D)
  6 wind drakes (D)
  2 dream sheep (D)
  3 blink frogs (D)
  Sigmund (D)
  3 air elementals (D)
  2 wyverns (D)
  4 jumping spiders (D)
  3 culicivoras (D)
  4 yaks (D)
  3 redbacks (D)
  5 basilisks (D)
  2 wargs (D)
  Menkaure (D)
  Edmund (D)
  5 nagas (D)
  8 water moccasins (D)
  Duvessa (D)
  2 hell hounds (D)
  10 orc warriors (D)
  2 wolves (D)
  9 ogres (D)
  6 scorpions (D)
  An earth elemental (D)
  2 wights (D)
  4 jellies (D)
  2 orc priests (D)
  Crazy Yiuf (D)
  Ijyb (D)
  2 adders (D)
  2 river rats (D)
  4 adder zombies (D)
  2 adder skeletons (D)
  2 endoplasms (D)
  2 ball pythons (D)
  A ball python skeleton (D)
  3 ball python zombies (D)
  2 jackal skeletons (D)
  A quokka zombie (D)
  2 spectral ball pythons (D)
  A spectral giant cockroach (D)
297 creatures vanquished.

Vanquished Creatures (collateral kills)
  Saint Roka (D)
  A curse toe (D)
  A golden dragon (D)
  2 tentacled monstrosities (D)
  3 electric golems (D)
  2 titans (D)
  2 acid blobs (D)
  A death cob (D)
  Roxanne (D)
  A shadow dragon (D)
  2 storm dragons (D)
  Aizul (D)
  3 rockslimes (D)
  An orc warlord (D)
  2 green draconians (D)
  A black draconian (D)
  Azrael (D)
  A yellow draconian (D)
  2 purple draconians (D)
  2 red draconians (D)
  2 hydras (D)
  2 spriggan air magi (D)
  A catoblepas (D)
  3 death yaks (D)
  A naga warrior (D)
  2 vampire magi (D)
  A spriggan berserker (D)
  A soul eater (D)
  A spriggan druid (D)
  An orc knight (D)
  An oklob plant (D)
  A black mamba (D)
  A torpor snail (D)
  5 cane toads (D)
  5 komodo dragons (D)
  2 polar bears (D)
  2 slime creatures (D)
  A blink frog (D)
  2 dream sheep (D)
  An air elemental (D)
  2 jumping spiders (D)
  2 yaks (D)
  A shadow (D)
  A basilisk (D)
  A naga (D)
  2 water moccasins (D)
  A floating eye (D)
  A wolf (D)
  2 scorpions (D)
  A jelly (D)
  A spectral adder (D)
  2 adder skeletons (D)
  A bat skeleton (D)
  An endoplasm (D)
  2 ball python zombies (D)
  2 quokka zombies (D)
90 creatures vanquished.

Vanquished Creatures (others)
  A storm dragon zombie (D)
  A moth of wrath zombie (D)
  3 wind drake zombies (D)
  A basilisk zombie (D)
  An ogre zombie (D)
  A naga zombie (D)
8 creatures vanquished.

Grand Total: 395 creatures vanquished

Notes
Turn   | Place    | Note
-------+----------+-------------------------------------------
     0 | D        | holysushi the Octopode Fire Elementalist began the quest
                  | for the Orb.
     0 | D        | Reached XP level 1. HP: 11/11 MP: 3/3
     0 | D        | Found a shimmering blue altar of Sif Muna.
     0 | D        | Found a sacrificial altar of Ru.
     0 | D        | Found a bloodstained altar of Trog.
     0 | D        | Found a stormy altar of Qazlal.
     0 | D        | Found an iron altar of Okawaru.
     0 | D        | Found a sparkling altar of Nemelex Xobeh.
     0 | D        | Found a blossoming altar of Fedhas.
     0 | D        | Found the +6 Majin-Bo {vamp, MP+6 Int+6}
     0 | D        | Found the +27 heavy crossbow "Sniper" {vorpal, Acc+∞ SInv}
     0 | D        | Found the +10 dark maul {vorpal}
     0 | D        | Found the +15 Maxwell's patent armour {-Cast -Tele rElec
                  | Will+ rCorr}
     0 | D        | Found the +18 shield of the Gong {rElec rN+ Will+ EV-5}
     0 | D        | Found the +14 obsidian axe {vorpal, Mesm Drain Fly SInv}
     0 | D        | Found the +7 great mace "Firestarter" {inner flame, rF++}
     0 | D        | Found the +6 shillelagh "Devastator" {shatter}
     0 | D        | Found the +11 plutonium sword {Contam Stlth-}
     0 | D        | Found the +8 lance "Wyrmbane" {slay drac, rPois rF+ rC+
                  | AC+3}
     0 | D        | Found the +9 sword of Zonguldrok {reap}
     0 | D        | Found the +13 scythe of Curses {drain, Drain}
     0 | D        | Found the +5 sword of Power {vorpal}
     0 | D        | Found the +7 mace of Variability {chain chaos}
     0 | D        | Found the +7 Singing Sword {vorpal, sonic wave}
     0 | D        | Found the +8 storm bow {elec, penet}
     2 | D        | Found a transporter.
     2 | D        | Found an ancient bone altar of Kikubaaqudgha.
     2 | D        | Found a viscous altar of Jiyva.
     2 | D        | Found a corrupted altar of Lugonu.
     2 | D        | Found a hazy altar of Hepliaklqana.
     2 | D        | Found a burning altar of Makhleb.
     2 | D        | Found an opulent altar of Gozag.
    32 | D        | Reached XP level 2. HP: 17/17 MP: 5/5
    50 | D        | Became a worshipper of Sif Muna the Loreminder
    62 | D        | Entered arena 2.
    62 | D        | Found the +3 giant club "Skullcrusher" {speed, Str+7}
    62 | D        | Noticed an earth elemental
    62 | D        | Noticed a deep elf pyromancer
    62 | D        | Found a transporter.
    66 | D        | Killed a deep elf pyromancer
    67 | D        | Reached skill level 5 in Spellcasting
    67 | D        | Reached XP level 3. HP: 21/21 MP: 5/9
    67 | D        | Reached XP level 4. HP: 27/27 MP: 6/11
    67 | D        | Reached XP level 5. HP: 31/31 MP: 6/12
    67 | D        | Reached XP level 6. HP: 36/36 MP: 7/14
    70 | D        | Reached XP level 7. HP: 18/41 MP: 7/15
   174 | D        | Entered arena 3.
   174 | D        | Found a transporter.
   175 | D        | Reached * piety under Sif Muna
   284 | D        | Entered arena 4.
   284 | D        | Noticed a draconian
   284 | D        | Noticed a draconian
   284 | D        | Noticed a draconian
   284 | D        | Noticed a draconian
   284 | D        | Found a transporter.
   291 | D        | Killed a draconian
   291 | D        | Reached ** piety under Sif Muna
   291 | D        | Killed a draconian
   292 | D        | Reached XP level 8. HP: 46/46 MP: 16/16
   292 | D        | Killed a draconian
   293 | D        | Reached skill level 10 in Dodging
   293 | D        | Killed a draconian
   294 | D        | Reached XP level 9. HP: 51/51 MP: 17/17
   304 | D        | Entered arena 5.
   304 | D        | Found the +3 Mad Mage's Maulers {Infuse+∞ RegenMP Int-3}
   304 | D        | Found a transporter.
   306 | D        | Reached *** piety under Sif Muna
   317 | D        | Got the +7 trident "Waudecvudd" {vorpal, Contam rElec rCorr
                  | Int+3}
   320 | D        | Entered arena 6.
   320 | D        | Noticed a toenail golem
   320 | D        | Noticed a toenail golem
   320 | D        | Noticed a toenail golem
   320 | D        | Noticed a toenail golem
   320 | D        | Noticed a toenail golem
   320 | D        | Found a transporter.
   325 | D        | Entered arena 7.
   327 | D        | Reached **** piety under Sif Muna
   329 | D        | Reached ***** piety under Sif Muna
   330 | D        | Found a transporter.
   346 | D        | Entered arena 8.
   346 | D        | Noticed a cyclops
   346 | D        | Noticed a wind drake
   346 | D        | Noticed a wind drake
   346 | D        | Noticed a merfolk
   346 | D        | Noticed a merfolk
   346 | D        | Noticed a merfolk
   350 | D        | Killed a merfolk
   350 | D        | Received a gift from Sif Muna
   351 | D        | Killed a merfolk
   351 | D        | Killed a merfolk
   352 | D        | Reached skill level 15 in Evocations
   352 | D        | Killed a wind drake
   353 | D        | Reached XP level 10. HP: 18/56 MP: 18/18
   355 | D        | Killed a cyclops
   356 | D        | Found a transporter.
   372 | D        | Got the +9 mace "Tuempe" {flame, Dex+4}
   481 | D        | Entered arena 9.
   481 | D        | Noticed a wolf spider
   483 | D        | Found a transporter.
   487 | D        | Killed a wolf spider
   488 | D        | Reached skill level 15 in Dodging
   592 | D        | Entered arena 10.
   592 | D        | Found the amulet of the Four Winds {rN+ Will+++ Clar}
   593 | D        | Found a transporter.
   596 | D        | Received a gift from Sif Muna
   597 | D        | Received a gift from Sif Muna
   610 | D        | Got the ring "Zics" {Wiz Will+}
   612 | D        | Got the amulet of Xom's Whimsicality {Spirit rElec rN+++
                  | Dex+5}
   644 | D        | Entered arena 11.
   644 | D        | Noticed a death yak
   646 | D        | Found a transporter.
   651 | D        | Reached skill level 1 in Fighting
   651 | D        | Reached skill level 1 in Shields
   653 | D        | Reached ****** piety under Sif Muna
   659 | D        | Killed a death yak
   660 | D        | Received a gift from Sif Muna
   661 | D        | Reached XP level 11. HP: 68/68 MP: 19/19
   663 | D        | Got Sif Muna's Spellbook of Macabre Impurities {god gift}
   684 | D        | Entered arena 12.
   684 | D        | Found the +12 glaive of Prune {vorpal}
   684 | D        | Noticed a spriggan berserker
   685 | D        | Noticed an eight-headed hydra
   686 | D        | Noticed a spriggan berserker
   695 | D        | Found a transporter.
   696 | D        | Killed a spriggan berserker
   697 | D        | Reached skill level 5 in Fighting
   697 | D        | Reached skill level 5 in Shields
   697 | D        | Killed a spriggan berserker
   701 | D        | Killed an eight-headed hydra
   702 | D        | Received a gift from Sif Muna
   731 | D        | Learned a level 8 spell: Ignition
   747 | D        | Entered arena 13.
   747 | D        | Noticed a vampire knight
   748 | D        | Noticed a vampire knight
   748 | D        | Noticed a vampire mage
   748 | D        | Noticed a vampire mage
   748 | D        | Noticed a vampire knight
   752 | D        | Killed a vampire knight
   753 | D        | Received a gift from Sif Muna
   757 | D        | Killed a vampire knight
   757 | D        | Killed a vampire knight
   757 | D        | Killed a vampire mage
   758 | D        | Found a transporter.
   758 | D        | Killed a vampire mage
   759 | D        | Reached skill level 10 in Fighting
   759 | D        | Reached XP level 12. HP: 87/87 MP: 20/24
   777 | D        | Got the amulet "Raxeun" {Reflect Str+6 Int-5 Dex+2 SH+5}
   789 | D        | Got Sif Muna's Cyclopedia of Mercurial Curses {god gift}
   806 | D        | Entered arena 14.
   809 | D        | Noticed a death yak
   810 | D        | Noticed a spriggan air mage
   810 | D        | Noticed a six-headed hydra
   810 | D        | Noticed a spriggan berserker
   810 | D        | Noticed a spriggan air mage
   815 | D        | Killed a spriggan air mage
   815 | D        | Received a gift from Sif Muna
   816 | D        | Reached skill level 10 in Fire Magic
   817 | D        | Noticed a death yak
   818 | D        | Killed a six-headed hydra
   823 | D        | Killed a spriggan air mage
   825 | D        | Killed a death yak
   832 | D        | Received a gift from Sif Muna
   832 | D        | Killed a spriggan berserker
   833 | D        | Got Sif Muna's Dissertation on Hexes and the Summer {god
                  | gift}
   838 | D        | Got Sif Muna's Omnibus of Gloom and Concussion {god gift}
   839 | D        | Found a transporter.
   845 | D        | Got the Commentary on the Storm
   975 | D        | Entered arena 15.
   978 | D        | Noticed an acid blob
   979 | D        | Noticed an acid blob
   981 | D        | Found a transporter.
   983 | D        | Received a gift from Sif Muna
   983 | D        | Killed an acid blob
   984 | D        | Killed an acid blob
   985 | D        | Received a gift from Sif Muna
   988 | D        | Got Sif Muna's Grimoire of Geometric Misery {god gift}
  1036 | D        | Got Tiuwoura's Atlas of the Vitriolic Blaze
  1110 | D        | Entered arena 16.
  1111 | D        | Noticed a soul eater
  1116 | D        | Noticed a soul eater
  1116 | D        | Noticed a soul eater
  1118 | D        | Found a transporter.
  1120 | D        | Received a gift from Sif Muna
  1120 | D        | Received a gift from Sif Muna
  1120 | D        | Killed a soul eater
  1121 | D        | Reached skill level 15 in Fire Magic
  1122 | D        | Killed a soul eater
  1122 | D        | Killed a soul eater
  1123 | D        | Reached XP level 13. HP: 62/97 MP: 4/25
  1237 | D        | Got the ring "Xyeb" {rElec rPois Str+6}
  1251 | D        | Entered arena 17.
  1257 | D        | Noticed an orc warlord
  1258 | D        | Received a gift from Sif Muna
  1258 | D        | Received a gift from Sif Muna
  1259 | D        | Found a transporter.
  1265 | D        | Killed an orc warlord
  1274 | D        | Got the Secrets of Cloudy Transmigration
  1285 | D        | Got Sif Muna's Incunable of Unholy Coordinates {god gift}
  1285 | D        | Got Sif Muna's Incunable of Ensorcelling and the Boulder
                  | {god gift}
  1307 | D        | Learned a level 5 spell: Irradiate
  1307 | D        | Entered arena 18.
  1312 | D        | Noticed Nergalle
  1312 | D        | Identified Roxanne's Guide on Transfiguration
  1312 | D        | Noticed Roxanne
  1312 | D        | Noticed Saint Roka
  1312 | D        | Noticed Sonja
  1312 | D        | Noticed Duvessa
  1312 | D        | Noticed Ijyb
  1312 | D        | Noticed Azrael
  1313 | D        | Noticed Menkaure
  1313 | D        | Noticed Aizul
  1313 | D        | Noticed Prince Ribbit
  1313 | D        | Noticed Crazy Yiuf
  1313 | D        | Noticed Gastronok
  1313 | D        | Noticed Sigmund
  1313 | D        | Noticed Edmund
  1313 | D        | Noticed Pikel
  1313 | D        | Found the +5 Lochaber axe {reach-cleave, poleaxe, Drain}
  1314 | D        | Killed Menkaure
  1314 | D        | Killed Prince Ribbit
  1314 | D        | Killed Sonja
  1314 | D        | Received a gift from Sif Muna
  1314 | D        | Killed Crazy Yiuf
  1314 | D        | Killed Sigmund
  1314 | D        | Killed Ijyb
  1314 | D        | Killed Pikel
  1314 | D        | Killed Nergalle
  1314 | D        | Killed Duvessa
  1316 | D        | Killed Gastronok
  1319 | D        | Killed Azrael
  1319 | D        | Received a gift from Sif Muna
  1320 | D        | Killed Edmund
  1321 | D        | Killed Saint Roka
  1321 | D        | Killed Aizul
  1322 | D        | Reached skill level 10 in Spellcasting
  1324 | D        | Found a transporter.
  1332 | D        | Killed Roxanne
  1590 | D        | Got Sif Muna's Almanac of Necrotic Lightning {god gift}
  1590 | D        | Got Xuchad's Quarto of Maledictive Superposition {god gift}
  1611 | D        | Got the Secrets of the Oath
  1670 | D        | Entered arena 19.
  1675 | D        | Noticed an acid blob
  1675 | D        | Noticed a rockslime
  1675 | D        | Noticed a rockslime
  1675 | D        | Noticed a rockslime
  1675 | D        | Found the +7 great mace "Undeadhunter" {disrupt, rN+}
  1676 | D        | Found the +1 cloak of Starlight {*Dazzle EV+4 Stlth--}
  1676 | D        | Received a gift from Sif Muna
  1677 | D        | Killed an acid blob
  1677 | D        | Received a gift from Sif Muna
  1677 | D        | Received a gift from Sif Muna
  1678 | D        | Reached XP level 14. HP: 108/108 MP: 25/30
  1683 | D        | Killed a rockslime
  1684 | D        | Killed a rockslime
  1685 | D        | Reached skill level 10 in Invocations
  1686 | D        | Killed a rockslime
  1686 | D        | Received a gift from Sif Muna
  1691 | D        | Found a transporter.
  1693 | D        | Got Sif Muna's Verses on Breezy Battle Magic {god gift}
  1828 | D        | Got Sif Muna's Parchment of Conflagrant Conflict {god gift}
  1848 | D        | Learned a level 4 spell: Animate Dead
  1848 | D        | Entered arena 20.
  1856 | D        | Noticed a nagaraja
  1857 | D        | Killed a nagaraja
  1857 | D        | Received a gift from Sif Muna
  1857 | D        | Identified the +8 quarterstaff of Theory {flame, SInv}
  1858 | D        | Reached skill level 5 in Necromancy
  1859 | D        | Received a gift from Sif Muna
  1860 | D        | Identified the +9 dire flail of Vifufo {spect, rElec rPois
                  | Int-2 Dex+4}
  1862 | D        | Found a transporter.
  1961 | D        | Got Sif Muna's Lessons on Summoning {god gift}
  1978 | D        | Entered arena 21.
  1984 | D        | Noticed a storm dragon
  1984 | D        | Noticed a storm dragon
  1984 | D        | Noticed an electric golem
  1985 | D        | Noticed a titan
  1985 | D        | Noticed a storm dragon
  1985 | D        | Noticed an electric golem
  1985 | D        | Noticed an electric golem
  1985 | D        | Noticed a titan
  1985 | D        | Noticed a titan
  1985 | D        | Found the amulet of Vitality {RegenMP++ Regen++}
  1985 | D        | Noticed an electric golem
  1985 | D        | Noticed an electric golem
  1985 | D        | Noticed a titan
  1985 | D        | Noticed a titan
  1986 | D        | Received a gift from Sif Muna
  1986 | D        | Received a gift from Sif Muna
  1987 | D        | Reached skill level 15 in Spellcasting
  1987 | D        | Killed a storm dragon
  1987 | D        | Killed a storm dragon
  1987 | D        | Killed a titan
  1987 | D        | Killed a titan
  1987 | D        | Noticed a titan
  1987 | D        | Killed a storm dragon
  1988 | D        | Reached skill level 10 in Necromancy
  1988 | D        | Received a gift from Sif Muna
  1988 | D        | Killed a titan
  1988 | D        | Killed a titan
  1988 | D        | Killed a titan
  1989 | D        | Reached skill level 15 in Fighting
  1990 | D        | Killed an electric golem
  1990 | D        | Killed an electric golem
  1990 | D        | Noticed a titan
  1991 | D        | Reached XP level 15. HP: 86/116 MP: 4/36
  1992 | D        | Killed a titan
  1996 | D        | Killed an electric golem
  1996 | D        | Received a gift from Sif Muna
  1996 | D        | Killed a titan
  1997 | D        | Killed an electric golem
  1998 | D        | Killed an electric golem
  2003 | D        | Found a transporter.
  2119 | D        | Got Sif Muna's Handbook of the Ruinous Zephyr {god gift}
  2119 | D        | Got Sif Muna's Enchiridion on Frigorific Assembling {god
                  | gift}
  2121 | D        | Got Sif Muna's Opusculum on Evil Mysteries {god gift}
  2133 | D        | Learned a level 6 spell: Death Channel
  2241 | D        | Got the ring "Yheklo Xakk" {Fire rPois Int+3}
  2259 | D        | Entered arena 22.
  2268 | D        | Received a gift from Sif Muna
  2268 | D        | Received a gift from Sif Muna
  2268 | D        | Received a gift from Sif Muna
  2270 | D        | Found a transporter.
  2310 | D        | Got the ring "Unop" {Will+ rCorr Dex+6}
  2333 | D        | Got Sif Muna's Directory of Minerals and the Mortuary {god
                  | gift}
  2333 | D        | Got Diosen's Papyrus of Vexing Transmogrification {god
                  | gift}
  2349 | D        | Entered arena 23.
  2357 | D        | Noticed an orc warlord
  2358 | D        | Noticed an orc warlord
  2358 | D        | Noticed an orc warlord
  2358 | D        | Noticed an orc warlord
  2358 | D        | Found the +8 Vampire's Tooth {vamp}
  2360 | D        | Received a gift from Sif Muna
  2360 | D        | Received a gift from Sif Muna
  2360 | D        | Received a gift from Sif Muna
  2360 | D        | Killed an orc warlord
  2360 | D        | Killed an orc warlord
  2360 | D        | Killed an orc warlord
  2360 | D        | Received a gift from Sif Muna
  2361 | D        | Killed an orc warlord
  2362 | D        | Reached skill level 15 in Necromancy
  2362 | D        | Found a transporter.
  2404 | D        | Got the Directory of the Ground and Battling
  2417 | D        | Got Loopeqoi's Precepts of Septic Peregrination
  2445 | D        | Got Huoz Qell's Tome of Allies and the Inferno {god gift}
  2494 | D        | Entered arena 24.
  2505 | D        | Noticed an Orb Guardian
  2505 | D        | Noticed a storm dragon
  2505 | D        | Noticed a death cob
  2505 | D        | Noticed an Orb Guardian
  2505 | D        | Noticed an Orb Guardian
  2505 | D        | Noticed an Orb Guardian
  2506 | D        | Noticed a curse toe
  2506 | D        | Noticed a tentacled monstrosity
  2506 | D        | Noticed a shadow dragon
  2506 | D        | Noticed an Orb Guardian
  2506 | D        | Noticed an Orb Guardian
  2506 | D        | Noticed a tentacled monstrosity
  2506 | D        | Noticed an Orb Guardian
  2506 | D        | Noticed a storm dragon
  2507 | D        | Noticed an Orb Guardian
  2507 | D        | Noticed an Orb Guardian
  2507 | D        | Killed a death cob
  2507 | D        | Killed an Orb Guardian
  2507 | D        | Received a gift from Sif Muna
  2507 | D        | Killed an Orb Guardian
  2507 | D        | Received a gift from Sif Muna
  2507 | D        | Killed an Orb Guardian
  2507 | D        | Killed an Orb Guardian
  2507 | D        | Killed an Orb Guardian
  2507 | D        | Killed an Orb Guardian
  2507 | D        | Killed an Orb Guardian
  2507 | D        | Received a gift from Sif Muna
  2507 | D        | Killed an Orb Guardian
  2507 | D        | Killed a storm dragon
  2508 | D        | Reached skill level 27 in Dodging
  2508 | D        | Reached skill level 15 in Invocations
  2508 | D        | Reached XP level 16. HP: 134/134 MP: 35/37
  2508 | D        | Killed a shadow dragon
  2508 | D        | Received a gift from Sif Muna
  2508 | D        | Killed an Orb Guardian
  2508 | D        | Killed an Orb Guardian
  2508 | D        | Noticed a death cob
  2509 | D        | Killed a tentacled monstrosity
  2509 | D        | Killed a storm dragon
  2509 | D        | Killed a death cob
  2510 | D        | Noticed an Orb Guardian
  2510 | D        | Noticed an Orb Guardian
  2510 | D        | Found the +0 pair of fencer's gloves {Riposte Dex+3}
  2511 | D        | Found a transporter.
  2511 | D        | Received a gift from Sif Muna
  2512 | D        | Killed an Orb Guardian
  2513 | D        | Killed an Orb Guardian
  2514 | D        | Killed a tentacled monstrosity
  2518 | D        | Killed a curse toe
  2590 | D        | Got Nastoxt's Atlas of Gusts and Coordinates {god gift}
  2593 | D        | Got Sif Muna's Spellbook of the Lethal Lungs {god gift}
  2966 | D        | Entered arena 25.
  2977 | D        | Received a gift from Sif Muna
  2977 | D        | Received a gift from Sif Muna
  2977 | D        | Received a gift from Sif Muna
  2977 | D        | Received a gift from Sif Muna
  2978 | D        | Reached XP level 17. HP: 149/149 MP: 36/38
  2980 | D        | Found the Hermit's Pendant {Faith Invo=14 Evo=0 MP+5}
  2980 | D        | Received a gift from Sif Muna
  2981 | D        | Found a transporter.
  3045 | D        | Got Sif Muna's Compilation of Mortuary Frostbite {god gift}
  3047 | D        | Got Foomil's Tome of Aerial Accompaniment {god gift}
  3047 | D        | Got Sif Muna's Quarto of Damaging Glamour {god gift}
  3047 | D        | Got Ahutapla's Directory of Stony Blasts {god gift}
  3098 | D        | Entered arena 26.
  3109 | D        | Noticed an Orb Guardian
  3109 | D        | Noticed an orb of fire
  3109 | D        | Noticed a Killer Klown
  3109 | D        | Noticed an Orb Guardian
  3109 | D        | Noticed an Orb Guardian
  3110 | D        | Noticed an Orb Guardian
  3110 | D        | Noticed an Orb Guardian
  3110 | D        | Noticed an Orb Guardian
  3110 | D        | Noticed a golden dragon
  3110 | D        | Noticed an Orb Guardian
  3110 | D        | Noticed an Orb Guardian
  3110 | D        | Found the +4 skin of Zhor {*Englaciate rC+++ SInv}
  3111 | D        | Killed an Orb Guardian
  3111 | D        | Received a gift from Sif Muna
  3111 | D        | Killed an Orb Guardian
  3111 | D        | Killed an Orb Guardian
  3111 | D        | Killed an Orb Guardian
  3111 | D        | Killed an Orb Guardian
  3111 | D        | Killed an Orb Guardian
  3111 | D        | Received a gift from Sif Muna
  3111 | D        | Killed an Orb Guardian
  3111 | D        | Noticed an Orb Guardian
  3111 | D        | Noticed an Orb Guardian
  3112 | D        | Killed an Orb Guardian
  3112 | D        | Received a gift from Sif Muna
  3112 | D        | Killed a Killer Klown
  3112 | D        | Received a gift from Sif Muna
  3112 | D        | Killed an Orb Guardian
  3112 | D        | Killed an Orb Guardian
  3112 | D        | Killed an Orb Guardian
  3112 | D        | Killed an Orb Guardian
  3112 | D        | Identified the +6 flail "Erghydgh" {spect, *Rage rC+ Will-
                  | Dex+6}
  3113 | D        | Reached skill level 27 in Fighting
  3113 | D        | Reached skill level 27 in Invocations
  3113 | D        | Killed a golden dragon
  3113 | D        | Received a gift from Sif Muna
  3114 | D        | Noticed an Orb Guardian
  3115 | D        | Identified the +3 trident of the Extremes {holy, rC+ Dex+5}
  3116 | D        | Killed from afar by an orb of fire

Illustrated notes

Levels and vault maps discovered:
D:        sprint_v [room_start, room_1, room_2, room_3, room_4, room_5, room_6,
          room_7, room_8, room_9, room_10, room_11, room_12, room_13, room_14,
          room_15, room_16, room_17, room_18, room_19, room_20, room_21,
          room_22, room_23, room_24, room_25, room_26, room_27]

Skill      XL: |  1  2  3  4  5  6  7  8  9 10 11 12 13 14 15 16 17 |
---------------+----------------------------------------------------+-----
Evocations     | 8 11 13 15 17 19 | 19.2
Dodging        | 4 6 9 11 13 15 18 19 21 22 27 | 27.0
Stealth        | 6 |  6.2
Spellcasting   | 5 8 12 17 20 | 20.3
Fire Magic     | 9 15 18 | 18.0
Fighting       | 3 10 12 14 15 20 24 27 | 27.0
Shields        | 3 5 |  5.0
Invocations    | 7 10 15 21 27 | 27.0
Necromancy     | 11 15 | 15.0
Conjurations   | |  1.4

Action                   |  1- 3 |  4- 6 |  7- 9 | 10-12 | 13-15 | 16-18 || total
-------------------------+-------+-------+-------+-------+-------+-------++-------
Melee: Lance             |       |       |     1 |     5 |       |       ||     6
       Constrict         |       |       |     1 |     2 |       |       ||     3
       Tentacles         |       |       |       |     3 |     1 |       ||     4
       Quarterstaff      |       |       |       |       |     2 |       ||     2
 Cast: Ignition          |       |       |       |     2 |    20 |    12 ||    34
       Animate Dead      |       |       |       |       |     6 |     3 ||     9
       Death Channel     |       |       |       |       |     4 |     2 ||     6
Invok: Channel Magic     |       |       |       |       |     3 |     2 ||     5
Evoke: Wand              |     4 |     3 |     5 |     2 |       |       ||    14
       Lightning rod     |       |       |    20 |    30 |       |       ||    50
       Box of beasts     |       |       |       |    13 |    14 |     3 ||    30
       Phantom mirror    |       |       |       |    10 |    11 |     3 ||    24
       Phial of floods   |       |       |       |     1 |     1 |       ||     2
       Condenser vane    |       |       |       |       |     2 |       ||     2
  Use: Potion            |     1 |       |       |     1 |     1 |       ||     3
       Scroll            |       |       |     2 |     1 |     3 |       ||     6
 Stab: Distracted        |       |       |       |       |     1 |       ||     1
Armor: Skin              |       |       |       |     1 |       |       ||     1
Dodge: Dodged            |     2 |       |     1 |    43 |    67 |     2 ||   115
Block: Kite shield       |       |       |     3 |    62 |       |       ||    65

Table legend: (Time is in decaauts)
 A = Elapsed time spent in this place.
 B = Non-inter-level travel time spent in this place.
 C = Inter-level travel time spent in this place.
 D = Time resting spent in this place.
 E = Time spent auto-exploring this place.
 F = Levels seen in this place.
 G = Mean time per level.
                   A        B        C        D        E       F      G
               +--------+--------+--------+--------+--------+-----+--------+
         Total |   3116 |   3116 |      0 |   1558 |    244 |   1 | 3116.0 |
       Dungeon |   3116 |   3116 |      0 |   1558 |    244 |   1 | 3116.0 |
               +--------+--------+--------+--------+--------+-----+--------+

Top non-repeatable levels by time:
       D: 3116 daAuts
